 Dungeon Crawl Stone Soup version 0.31-a0-145-g046c7d2549 (webtiles) character file.

Game seed: 2635482904942314596

1077 qw the Skirmisher (level 8, -5/70 HPs)
             Began as a Minotaur Hunter on June 7, 2023.
             Slain by a shadow (10 damage)
             ... on level 6 of the Dungeon.
             The game lasted 00:01:35 (4388 turns).

qw the Skirmisher (Minotaur Hunter)                 Turns: 4388, Time: 00:01:36

Health: -5/70      AC:  7    Str: 16    XL:     8   Next: 8%
Magic:  7/7        EV: 12    Int:  6    God:
Gold:   263        SH:  0    Dex: 16    Spells: 7/7 levels left

rFire   . . .        Y - +1 shortbow (drain)
rCold   . . .        (shield currently unavailable)
rNeg    . . .        g - +0 ring mail
rPois   .            (helmet restricted)
rElec   .            (no cloak)
rCorr   .            h - +1 pair of gloves
SInv    .            (no boots)
Will    .....        (no amulet)
Stlth   +            (no ring)
HPRegen 0.31/turn    (no ring)
MPRegen 0.10/turn

%: no passive effects
@: no status effects
A: horns 2, retaliatory headbutt
a: no special abilities


You were on level 6 of the Dungeon.
You visited 1 branch of the dungeon, and saw 6 of its levels.

You collected 395 gold pieces.
You spent 132 gold pieces at shops.


Innate Abilities, Weirdness & Mutations

You have a pair of horns on your head.
You reflexively headbutt those who attack you in melee.


   Skills:
 - Level 6.0 Fighting
 + Level 9.4 Ranged Weapons
 - Level 2.9 Armour
 - Level 3.0 Dodging
 - Level 0.7 Stealth


You had 7 spell levels left.
You didn't know any spells.
Your spell library was empty.

Inventory:

Hand Weapons
 Y - a +1 shortbow of draining (weapon)
Armour
 g - a +0 ring mail (worn)
 h - a +1 pair of gloves (worn)
Potions
 a - a potion of berserk rage {unknown}
 b - a potion of magic {unknown}
 c - a potion of resistance {unknown}
 d - a potion of haste {unknown}
 e - a potion of cancellation {unknown}
 f - a potion of enlightenment {unknown}
 i - 5 potions of curing
 j - a potion of might {unknown}

Dungeon Overview and Level Annotations

Branches:
Dungeon (6/15)
 Temple: D:4-7

Altars:
Cheibriados
Kikubaaqudgha
Makhleb
Ru
Vehumet

Shops:
D:1 [   D:2 !   D:5 (

Annotations:
D:3 2 transporters


Message History

You shoot an arrow.
The arrow hits the orc priest but does no damage.
The orc priest is moderately wounded.
The orc priest calls down the wrath of Beogh upon you.
Pain shoots through your body! The iguana barely misses you.
You shoot an arrow. The arrow barely misses the orc priest.
The orc priest hits you but does no damage.
The iguana bites you.
You shoot an arrow. The arrow hits the orc priest.
You drain the orc priest.
The orc priest is severely wounded.
The iguana barely misses you.
The orc priest hits you but does no damage.
You shoot an arrow. The arrow barely misses the orc priest.
The iguana bites you!
The orc priest calls down the wrath of Beogh upon you.
Beogh smites you!
4381 ||| READING scroll of teleportation.
As you read the scroll of teleportation, it crumbles to dust.
You feel strangely unstable.
The orc priest hits you but does no damage.
The iguana bites you!
You shoot an arrow. The arrow hits the orc priest.
You kill the orc priest!
The shadow hits you. The iguana barely misses you. You furiously retaliate!
You headbutt the iguana! You shoot an arrow. The arrow hits the iguana.
You drain the iguana.
The iguana is almost dead.
The shadow closely misses you. The iguana closely misses you.
You shoot an arrow. The arrow hits the iguana!
You kill the iguana!
The shadow slips into darkness.
The shadow flickers and vanishes!
Deactivating autopickup; reactivate with Ctrl-A.
You shoot an arrow.
Your surroundings seem slightly different.
You shoot an arrow. You shoot an arrow. You shoot an arrow.
The shadow strikes at you from the darkness!
You die...

## .. ####.####
##.......# #.@#
#..# #..# #..#
#.)#####.#
#.)).<)..#
...$...).)....#
#.####...#.####
#.###..#


There were no monsters in sight!

Vanquished Creatures
  A steam dragon (D:6)
  A black bear (D:4)
  3 ogres (D:5)
  Blork the orc (D:5)
  A hound (D:6)
  2 jellies
  2 orc priests (D:6)
  A sleepcap (D:4)
  2 iguanas
  An orc wizard (D:6)
  Ijyb (D:5)
  7 gnolls
  5 adders
  A white imp (D:5)
  3 worms
  3 dart slugs
  16 orcs
  10 endoplasms
  7 giant cockroaches
  3 goblins
  13 hobgoblins
  7 jackals
  4 kobolds
  3 quokkas
  5 ball pythons
  8 bats
  4 frilled lizards
  3 rats
118 creatures vanquished.

Notes
Turn   | Place    | Note
-------+----------+-------------------------------------------
     0 | D:1      | qw the Minotaur Hunter began the quest for the Orb.
     0 | D:1      | Reached XP level 1. HP: 18/18 MP: 0/0
     0 | D:1      | 0 ||| qw: Version: 0.2-a-117-gc6b5c8b
     0 | D:1      | 0 ||| qw: Game counter: 2508
     0 | D:1      | 0 ||| qw: Always use a shield: true
     0 | D:1      | 0 ||| qw: God list: Okawaru
     0 | D:1      | 0 ||| qw: Allow faded altars: false
     0 | D:1      | 0 ||| qw: Do Orc after D:15 true
     0 | D:1      | 0 ||| qw: Do second Lair branch before Depths: true
     0 | D:1      | 0 ||| qw: Lair rune preference: random
     0 | D:1      | 0 ||| qw: Plans: Normal
     0 | D:1      | 0 ||| PLANNING D:1-11
   121 | D:1      | Reached XP level 2. HP: 25/25 MP: 1/1
   134 | D:1      | Reached skill level 5 in Ranged Weapons
   226 | D:1      | Reached skill level 3 in Fighting
   238 | D:1      | Found Iluxtac's Armour Shoppe.
   248 | D:1      | 248 ||| BUYING +0 ring mail (48 gold).
   248 | D:1      | Bought a +0 ring mail for 48 gold pieces
   402 | D:1      | Reached XP level 3. HP: 31/31 MP: 2/2
   690 | D:1      | 690 ||| UPGRADING to +0 ring mail.
   700 | D:1      | 700 ||| DROPPING +0 leather armour.
   701 | D:1      | 701 ||| UPGRADING to +1 pair of gloves.
   706 | D:1      | 706 ||| READING 2 scrolls labelled JYUT CACSUTUC.
   707 | D:1      | 707 ||| READING scroll labelled BEES GUHOX.
   708 | D:1      | 708 ||| READING scroll labelled QICVAM COKEDU.
   709 | D:1      | 709 ||| DRINKING 2 grey potions.
   718 | D:1      | 718 ||| DROPPING scroll of magic mapping.
   719 | D:1      | 719 ||| DROPPING scroll of butterflies.
   720 | D:1      | 720 ||| DROPPING potion of ambrosia.
   758 | D:2      | Reached skill level 1 in Armour
  1143 | D:2      | Found Leabloav's Distillery.
  1150 | D:2      | 1150 ||| BUYING 2 potions of curing (84 gold).
  1150 | D:2      | Bought 2 potions of curing for 84 gold pieces
  1150 | D:2      | 1150 ||| SHOPLISTING potion of curing (42 gold, have 41).
  1150 | D:2      | 1150 ||| SHOPLISTING potion of mutation (112 gold, have
                  | 41).
  1150 | D:2      | 1150 ||| SHOPLISTING potion of resistance (140 gold, have
                  | 41).
  1172 | D:2      | Reached XP level 4. HP: 38/38 MP: 3/3
  1371 | D:2      | 1371 ||| READING scroll labelled YNNISI VAO.
  1372 | D:2      | 1372 ||| READING scroll labelled HEPIDGH QEYNUH.
  1376 | D:2      | 1376 ||| READING scroll labelled FUSASI CIFIDEUPE.
  1377 | D:2      | 1377 ||| READING scroll labelled WURARH QINKIEGUD.
  1478 | D:2      | 1478 ||| READING scroll labelled OPIRATH LODOKKE.
  1479 | D:2      | 1479 ||| DRINKING 2 coppery potions.
  1480 | D:2      | 1480 ||| DROPPING potion of degeneration.
  1513 | D:3      | Found a transporter.
  1532 | D:3      | Found a sacrificial altar of Ru.
  1548 | D:3      | Reached skill level 6 in Ranged Weapons
  1717 | D:3      | Found a transporter.
  2132 | D:3      | Found a faded altar of an unknown god.
  2378 | D:3      | 2378 ||| READING scroll labelled YRGHUM ENLU.
  2379 | D:3      | 2379 ||| READING scroll labelled TUONAQ GA QAUW.
  2380 | D:3      | 2380 ||| READING scroll labelled OZONTE OMUPNA.
  2381 | D:3      | 2381 ||| DRINKING 2 sedimented ruby potions.
  2382 | D:3      | 2382 ||| DRINKING 2 green potions.
  2383 | D:3      | 2383 ||| DROPPING potion of invisibility.
  2452 | D:4      | Noticed a black bear
  2460 | D:4      | Killed a black bear
  2461 | D:4      | Reached XP level 5. HP: 48/48 MP: 4/4
  2534 | D:4      | Found a radiant altar of Vehumet.
  2534 | D:4      | Found a burning altar of Makhleb.
  2535 | D:4      | Found an ancient bone altar of Kikubaaqudgha.
  2852 | D:4      | Reached XP level 6. HP: 56/56 MP: 5/5
  3233 | D:5      | Entered Level 5 of the Dungeon
  3258 | D:5      | HP: 10/56 [ogre/+0 giant club (15)]
  3259 | D:5      | 3259 ||| DRINKING potion of heal wounds.
  3262 | D:5      | Reached skill level 7 in Ranged Weapons
  3425 | D:5      | Reached skill level 8 in Ranged Weapons
  3425 | D:5      | Reached XP level 7. HP: 61/61 MP: 6/6
  3438 | D:5      | 3438 ||| FLEEEEING.
  3440 | D:5      | 3440 ||| FLEEEEING.
  3473 | D:5      | Found Wulutui's Weapon Emporium.
  3496 | D:5      | Found a snail-covered altar of Cheibriados.
  3643 | D:5      | Noticed Ijyb
  3651 | D:5      | Killed Ijyb
  3667 | D:5      | Reached skill level 3 in Dodging
  3706 | D:5      | Noticed Blork the orc
  3710 | D:5      | Killed Blork the orc
  4229 | D:6      | Noticed a steam dragon
  4233 | D:6      | 4233 ||| Stepping ~*~*~tactically~*~*~ (cloud).
  4239 | D:6      | Killed a steam dragon
  4240 | D:6      | Reached skill level 9 in Ranged Weapons
  4240 | D:6      | 4240 ||| FLEEEEING.
  4241 | D:6      | 4241 ||| STAIRDANCE
  4303 | D:6      | 4303 ||| FLEEEEING.
  4304 | D:6      | 4304 ||| FLEEEEING.
  4305 | D:6      | 4305 ||| STAIRDANCE
  4363 | D:6      | Reached skill level 6 in Fighting
  4363 | D:6      | Reached XP level 8. HP: 67/70 MP: 7/7
  4380 | D:6      | HP: 11/70 [orc priest/divine providence (14)]
  4381 | D:6      | 4381 ||| READING scroll of teleportation.
  4381 | D:6      | HP: 4/70 [iguana (8)]
  4388 | D:6      | Slain by a shadow

Levels and vault maps discovered:
D:1:      zaba_arrival_water, layout_loops_ring, serial_shops, shop,
          minmay_curled_crystal
D:2:      minmay_inner_zag, layout_rooms, serial_shops, shop,
          minmay_misc_feat_columns, st_stairs_9, serial_park_tiny_2
D:3:      gammafunk_wand_slinger, layout_basic, mainiacjoe_overflow_24_doors,
          basic_ecumenical_altar
D:4:      layout_loops_corners, minitemple
D:5:      wander_river, layout_basic, lemuel_crystal_altar, serial_shops,
          nicolae_shop_bloodbath_and_beyond, uniq_blork_the_orc, uniq_ijyb
D:6:      layout_loops_ring, minmay_temple_entry_trees, gammafunk_ghost_arena,
          nicolae_concentric_dashed_squares_mild, uniq_pikel

Skill      XL: |  1  2  3  4  5  6  7 |
---------------+----------------------+-----
Ranged Weapons | 5 6 8 9 |  9.4
Fighting       | 3 5 6 |  6.0
Armour         | 1 2 |  2.9
Dodging        | 3 |  3.0
Stealth        | |  0.7

Action                     |  1- 3 |  4- 6 |  7- 9 || total
---------------------------+-------+-------+-------++-------
   Fire: Shortbow          |   129 |   124 |   104 ||   357
    Use: Scroll            |     3 |     8 |     1 ||    12
         Potion            |     1 |     4 |       ||     5
 Armour: Leather armour    |     4 |       |       ||     4
         Ring mail         |    18 |    15 |     9 ||    42
  Dodge: Dodged            |    28 |    26 |    21 ||    75

Table legend:
 A = Non-vault XP
 B = Vault XP
 C = Vault XP percentage of total XP
 D = Non-vault monster count
 E = Vault monster count
 F = Vault count percentage of total count
                 A         B        C        D         E       F
            +---------+---------+-------+---------+---------+-------
      Total |    1384 |     155 |  10.1 |     108 |      10 |   8.5
            +---------+---------+-------+---------+---------+-------
        D:1 |      63 |       0 |   0.0 |      34 |       0 |   0.0
        D:2 |      26 |      20 |  43.5 |      10 |       8 |  44.4
        D:3 |      41 |       0 |   0.0 |      15 |       0 |   0.0
        D:4 |     297 |       0 |   0.0 |      17 |       0 |   0.0
        D:5 |     512 |     135 |  20.9 |      19 |       2 |   9.5
        D:6 |     445 |       0 |   0.0 |      13 |       0 |   0.0
            +---------+---------+-------+---------+---------+-------
